 Dungeon Crawl Stone Soup version 0.30-a0-359-gd0147acb1a (webtiles) character file.

Game seed: 3992806096146894202

63 ragingrage the Charlatan (level 4, 0/34 HPs)
             Began as a Djinni Artificer on Nov 11, 2022.
             Slain by a gnoll
             ... wielding a +0 whip
              (9 damage)
             ... on level 2 of the Dungeon.
             The game lasted 00:01:59 (1779 turns).

ragingrage the Charlatan (Djinni Artificer)         Turns: 1779, Time: 00:02:00

Health: 0/34       AC:  3    Str:  8 (11) XL:     4   Next: 31%
Gold:   152        EV: 11    Int: 11 (14) God:
                   SH:  0    Dex: 14

rFire   + + .      SeeInvis +    n - +2 dagger (vamp)
rCold   x . .      Faith    .    (no shield)
rNeg    . . .      Spirit   .    b - +0 leather armour
rPois   ∞          Reflect  .    (no helmet)
rElec   .          Harm     .    (no cloak)
rCorr   .          Rampage  .    (no gloves)
Will    .....                    (boots unavailable)
Stlth   +.........               (no amulet)
HPRegen 0.25/turn                p - ring of see invisible
MPRegen 0.00/turn                (no ring)

@: about to teleport, flying
A: sickness immunity, fire resistance 2, cold vulnerability 1, float, innate
caster, HP casting, extra vitality 1
a: no special abilities


You were on level 2 of the Dungeon.
You visited 1 branch of the dungeon, and saw 2 of its levels.

You collected 152 gold pieces.

Inventory:

Hand Weapons
 g - a +0 hand axe
 n - a +2 vampiric dagger (weapon)
Missiles
 k - 2 poisoned darts
Armour
 b - a +0 leather armour (worn)
Jewellery
 p - a ring of see invisible (left hand)
Wands
 c - a wand of flame (15)
 d - a wand of charming (15)
 e - a wand of iceblast (5)
Scrolls
 f - 3 scrolls of identify {unknown}
 i - a scroll of blinking {unknown}
 j - 4 scrolls of teleportation
 l - a scroll of amnesia {unknown}
 m - 3 scrolls of noise {unknown}
Potions
 a - a potion of ambrosia {unknown}
 h - a potion of curing


   Skills:
 + Level 2.7 Fighting
 - Level 1.0 Armour
 - Level 2.1 Dodging
 - Level 0.7 Stealth
 + Level 1.7 Spellcasting
 - Level 3.0 Evocations


You had 5 spell levels left.
You knew the following spells:

 Your Spells              Type           Power      Damage    Failure   Level
a - Necrotise             Necr           16%        1d4       21%         1
Your spell library was empty.

Dungeon Overview and Level Annotations

Branches:
Dungeon (2/15)

Altars:


Innate Abilities, Weirdness & Mutations

You are immune to sickness and miasma.
You are immune to poison.
Your flesh is very heat resistant. (rF++)
You are vulnerable to cold. (rC-)
You float through the air rather than walking.
You learn spells naturally, not from books.
Your magical power is your life essence.
You have superior vitality. (+4 MHP)


Message History

Aiming: Necrotise (safe; 21% risk of failure)
Press: ? - help, Q - select action, (/) - cycle Shift-Dir - straight line, f/p - gnoll
Aim: a gnoll, wielding a +0 spear (lightly wounded, chance to affect: 56%)
The gnoll resists with significant effort.
Aiming: Necrotise (safe; 21% risk of failure)
Press: ? - help, Q - select action, (/) - cycle Shift-Dir - straight line, f/p - gnoll
Aim: a gnoll, wielding a +0 spear (lightly wounded, chance to affect: 56%)
The gnoll writhes in agony.
Aiming: Necrotise (safe; 21% risk of failure)
Press: ? - help, Q - select action, (/) - cycle Shift-Dir - straight line, f/p - gnoll
Aim: a gnoll, wielding a +0 spear (lightly wounded, chance to affect: 56%)
The gnoll resists with significant effort.
Aiming: Necrotise (safe; 21% risk of failure)
Press: ? - help, Q - select action, (/) - cycle Shift-Dir - straight line, f/p - gnoll
Aim: a gnoll, wielding a +0 spear (lightly wounded, chance to affect: 56%)
The gnoll resists with significant effort.
The gnoll hits you from afar with a +0 spear.
The gnoll barely misses you.
Your magical contamination has completely faded away.
Aiming: Necrotise (safe; 21% risk of failure)
Press: ? - help, Q - select action, (/) - cycle Shift-Dir - straight line, f/p - gnoll
Aim: a gnoll, wielding a +0 spear (lightly wounded, chance to affect: 56%)
The gnoll resists with significant effort.
The gnoll closely misses you. The gnoll barely misses you.
Unknown command.
The gnoll attacks as you move away! The gnoll barely misses you.
You closely miss the gnoll. The gnoll barely misses you.
The gnoll hits you from afar with a +0 spear.
You hit the gnoll but do no damage.
The gnoll hits you from afar with a +0 spear.
The gnoll hits you with a +0 whip.
You hit the gnoll.
You feel better.
The gnoll is moderately wounded.
The gnoll hits you with a +0 whip. The gnoll closely misses you.
As you read the scroll labelled LOMIAS UPLEFE, it crumbles to dust.
You feel strangely unstable.
It was a scroll of teleportation.
The gnoll hits you from afar with a +0 spear.
* * * LOW HITPOINT WARNING * * *
The gnoll hits you with a +0 whip!
You die...

####
...#########################
................@gggg.....>#
...#######################.#
...# .######.# ...#
........# ...# .....g.....#
...# ........##.#
...######### ..g...... #
#####......# ..g..Z... #
#......# g.........


You could see 4 gnolls.

Vanquished Creatures
  2 adders (D:2)
  A worm (D:2)
  2 dart slugs
  6 ball pythons (D:1)
  3 endoplasms
  A giant cockroach (D:1)
  4 goblins
  A hobgoblin (D:2)
  3 jackals (D:2)
  A quokka (D:2)
  4 bats
  2 frilled lizards
  4 kobolds (D:2)
  7 rats
41 creatures vanquished.

Vanquished Creatures (others)
  3 plants (D:1)
3 creatures vanquished.

Grand Total: 44 creatures vanquished

Notes
Turn   | Place    | Note
-------+----------+-------------------------------------------
     0 | D:1      | ragingrage the Djinni Artificer began the quest for the
                  | Orb.
     0 | D:1      | Reached XP level 1. HP: 17/17 MP: 0/0
    88 | D:1      | Found a faded altar of an unknown god.
   253 | D:1      | Reached XP level 2. HP: 22/22 MP: 0/0
   359 | D:1      | Reached skill level 1 in Spellcasting
   577 | D:1      | Reached XP level 3. HP: 17/28 MP: 0/0
   577 | D:1      | Learned a level 1 spell: Necrotise
  1254 | D:2      | Reached XP level 4. HP: 30/34 MP: 0/0
  1779 | D:2      | Slain by a gnoll

Illustrated notes

Levels and vault maps discovered:
D:1:      dpeg_arrival_ternary, layout_loops_cross, serial_bayou,
          serial_bayou_pond_a, serial_bayou_shore_a, serial_bayou_lagoon_a,
          serial_bayou_crossing, dreamdust_ecumenical_altar_angels_and_demons,
          hangedman_decor_diamond_cutter, minivault_14, minmay_tall_x
D:2:      layout_basic

Skill      XL: |  1  2 |
---------------+-------+-----
Spellcasting   | 1 |  1.7
Fighting       | 2 |  2.7
Armour         | |  1.0
Dodging        | |  2.1
Stealth        | |  0.7
Evocations     | |  3.0

Action                   |  1- 3 |  4- 6 || total
-------------------------+-------+-------++-------
Melee: Hand axe          |    87 |     9 ||    96
       Club              |     1 |       ||     1
       Punch             |     1 |       ||     1
       Dagger            |       |    22 ||    22
 Cast: Necrotise         |    19 |    15 ||    34
  Use: Potion            |     2 |       ||     2
       Scroll            |       |     1 ||     1
 Stab: Sleeping          |     1 |       ||     1
Armor: Leather armour    |    27 |     9 ||    36
Dodge: Dodged            |    61 |    23 ||    84

Table legend: (Time is in decaauts)
 A = Elapsed time spent in this place.
 B = Non-inter-level travel time spent in this place.
 C = Inter-level travel time spent in this place.
 D = Time resting spent in this place.
 E = Time spent auto-exploring this place.
 F = Levels seen in this place.
 G = Mean time per level.
                   A        B        C        D        E       F      G
               +--------+--------+--------+--------+--------+-----+--------+
         Total |   1812 |   1748 |     64 |    280 |   1036 |   2 |  906.0 |
       Dungeon |   1812 |   1748 |     64 |    280 |   1036 |   2 |  906.0 |
               +--------+--------+--------+--------+--------+-----+--------+

Top non-repeatable levels by time:
     D:1: 997 daAuts
     D:2: 815 daAuts
